 Dungeon Crawl Stone Soup version 0.17-a0-2231-gd80ca38 (webtiles) character file.

11 Raultor the Sneak (level 2, -1/22 HPs)
             Began as a Naga Enchanter on Oct 29, 2015.
             Slain by a kobold
             ... wielding a +0 dagger
              (2 damage)
             ... on level 1 of the Dungeon.
             The game lasted 00:01:14 (362 turns).

Raultor the Sneak (Naga Enchanter)                   Turns: 362, Time: 00:01:14

Health: -1/22      AC:  2    Str: 10    XL:     2   Next: 25%
Magic:  5/5        EV: 10    Int: 15    God:
Gold:   0          SH:  0    Dex: 11    Spells: 1 memorised, 4 levels left

rFire  . . .     SeeInvis +     a - +1 dagger
rCold  . . .     Clarity  .     b - +1 robe
rNeg   . . .     SustAt   .     (no shield)
rPois  +         Gourm    .     (no helmet)
rElec  .         Spirit   .     (no cloak)
rCorr  .         Warding  .     (no gloves)
rMut   .         Stasis   .     (no barding)
MR     .....                    (no amulet)
Stlth  +++.......               (no ring)
                                (no ring)

@: very slow, not resistant to hostile enchantments, fairly stealthy
A: see invisible, deformed body, poison resistance, slowness 2, slow metabolism
1, spit poison 2, AC +0
a: Spit Poison


You were on level 1 of the Dungeon.
You were not hungry.

You visited 1 branch of the dungeon, and saw 1 of its levels.

Inventory:

Hand Weapons
 a - a +1 dagger (weapon)
Armour
 b - a +1 robe (worn)
Jewellery
 e - an uncursed ring of protection from magic {unknown}
Scrolls
 i - a scroll of identify {unknown}
Potions
 h - a potion of haste {unknown}
Books
 c - a book of Maledictions

   Spells                             Type                      Level
   a - Corona                         Hexes                        1
   b - Ensorcelled Hibernation        Hexes/Ice                    2
   c - Confuse                        Hexes                        3
   d - Tukima's Dance                 Hexes                        3
   e - Dazzling Spray                 Conjuration/Hexes            3
Comestibles
 d - a bread ration
 f - a meat ration
 g - a chunk of flesh


   Skills:
 + Level 1.0 Short Blades
 + Level 1.7 Dodging
 + Level 4.7 Stealth
 + Level 2.0 Spellcasting
 + Level 3.2 Hexes


You had 4 spell levels left.
You knew the following spells:

 Your Spells              Type           Power        Failure   Level  Hunger
a - Corona                Hex            ##.....      8%          1    #......


Dungeon Overview and Level Annotations

Branches:
Dungeon (1/15)

Altars:


Innate Abilities, Weirdness & Mutations

You cannot wear boots.
Your serpentine skin is tough (AC +0).
You have supernaturally acute eyesight.
Armour fits poorly on your strangely shaped body.
Your system is resistant to poisons.
You cover ground very slowly.
You have a slow metabolism.
You can spit poison.


Message History

You barely miss the kobold.
The kobold is moderately wounded.
The kobold hits you but does no damage. The bat hits you but does no damage.
You barely miss the kobold.
The kobold is moderately wounded.
The bat hits you but does no damage. The kobold hits you with a dagger.
* * * LOW HITPOINT WARNING * * *
You are too injured to fight recklessly!
Okay, then.
Press: ? - help, Shift-Dir - straight line, f - kobold
Aim: a kobold, wielding a dagger You fail to use your ability.
The kobold hits you with a dagger.
* * * LOW HITPOINT WARNING * * *
The bat hits you but does no damage.
You are too injured to fight recklessly!
You are too injured to fight recklessly!
The bat hits you.
* * * LOW HITPOINT WARNING * * *
The kobold hits you with a dagger.
You die...

#.....[.# #.# ## #..
#.......# #.#.#..#.###..
#.......###%#...........
#...........).#.#####...
#.......................
#........%....#.######..
#.............# ########
#.............#.#.....##
#...%..@Kb....#.........
#.............###.....##
#.............# #.....#.
#####.........# ######..
#.........# ####.#
#........## #.....
.........# #.....
..........# #..)).
#.....


You could see a bat and a kobold.

Vanquished Creatures
  A giant gecko (D:1)
  A goblin (D:1)
  2 hobgoblins (D:1)
  2 giant cockroaches (D:1)
  3 kobolds (D:1)
  A rat (D:1)
10 creatures vanquished.

Notes
Turn   | Place    | Note
--------------------------------------------------------------
     0 | D:1      | Raultor the Naga Enchanter began the quest for the Orb.
     0 | D:1      | Reached XP level 1. HP: 15/15 MP: 3/3
   311 | D:1      | Reached XP level 2. HP: 17/22 MP: 5/5
   362 | D:1      | HP: 1/22 [bat (1)]
   362 | D:1      | Slain by a kobold

Vault maps used:
D:1:      dpeg_arrival_three_same_balls, serial_bayou, serial_bayou_ford_a,
          serial_bayou_pond_a, serial_bayou_pond_b, serial_bayou_shore_b,
          minivault_11

Action                   || total
-------------------------++-------
Melee: Dagger            ||    47
 Abil: Spit Poison       ||     1
 Stab: Sleeping          ||     1
